[Event "Titled Tuesday Blitz April 26 Late 2022"]
[White "Dobre, Claudiu-Cristian"]
[Black "Sanal, Vahap"]
[WhiteFideId "1211854"]
[BlackFideId "6300545"]
[WhiteElo "2207"]
[BlackElo "2603"]
[Result "0-1"]
[Round "01"]
[TimeControl "180+1"]
[Date "2022.04.26"]
[WhiteClock "0:00:02"]
[BlackClock "0:01:44"]

1. c4 d6 2. Nc3 e5 3. d4 exd4 4. Qxd4 Nc6 5. Qd2 Nf6 6. g3 Be6 7. b3 d5 8. cxd5 Nxd5 9. Bb2 Bb4 10. Bg2 Qf6 11. Bxd5 Bxd5 12. Qe3+ Qe7 13. Qxe7+ Kxe7 14. Nf3 Bxf3 15. exf3 Rhd8 16. a3 Bxc3+ 17. Bxc3 Rd3 18. Rc1 Rxf3 19. Ke2 Rf5 20. Bxg7 f6 21. Rhd1 Rh5 22. b4 Rg8 23. Bxf6+ Kxf6 24. Rd7 Rg7 25. Rxg7 Kxg7 26. h4 Re5+ 27. Kf3 Nd4+ 28. Kg4 h5+ 29. Kh3 c6 30. f4 Re3 31. Rd1 Nf5 0-1


[Site "https://www.chess.com"]

[Event "Titled Tuesday Blitz April 26 Late 2022"]
[White "Domingo Nunez, Alejandro"]
[Black "Kaganskiy, Gleb"]
[WhiteFideId "22245561"]
[BlackFideId "4132025"]
[WhiteElo "2215"]
[BlackElo "2165"]
[Result "0-1"]
[Round "01"]
[TimeControl "180+1"]
[Date "2022.04.26"]
[WhiteClock "0:00:05"]
[BlackClock "0:00:01"]

1. Nf3 d5 2. b3 Nf6 3. Bb2 Bf5 4. c4 e6 5. h3 h6 6. g4 Bh7 7. Bg2 c6 8. d3 Be7 9. Nbd2 O-O 10. Qc2 Nbd7 11. O-O Rc8 12. Rad1 b5 13. Qc1 bxc4 14. dxc4 Nc5 15. Ne5 Nce4 16. Nxe4 Nxe4 17. Qa1 Bf6 18. Nd3 Bxb2 19. Qxb2 Qh4 20. Qd4 Ng5 21. Qe3 Be4 22. f3 Nxh3+ 23. Bxh3 Qxh3 24. Nf4 Qg3+ 25. Ng2 Bg6 26. Rd2 a5 27. Qc5 a4 28. bxa4 h5 29. gxh5 Bxh5 30. a5 Bg6 31. a6 Bf5 32. a7 Bh3 33. e3 g6 34. Qe7 Kg7 35. Rb1 Bxg2 36. Rxg2 Qxf3 37. Qg5 Qf6 38. Qxf6+ Kxf6 39. Rb7 Ra8 40. c5 e5 41. Rgb2 Kf5 42. R2b6 Ke4 43. Rxc6 Kxe3 44. Rd6 d4 45. c6 d3 46. Kf1 e4 47. c7 Rfc8 48. Rd8 d2 49. Rxc8 Rxc8 50. Rb1 Kd3 51. Kf2 e3+ 52. Kf3 e2 53. Rb3+ Kc2 54. Rb8 d1=Q 55. Rxc8 e1=Q+ 56. Kf4 Qd4+ 57. Kg5 Qee3# 0-1


[Site "https://www.chess.com"]

[Event "Titled Tuesday Blitz April 26 Late 2022"]
[White "Donatti, Alvaro"]
[Black "Martic, Ivan"]
[WhiteFideId "3000303"]
[BlackFideId "929301"]
[WhiteElo "2138"]
[BlackElo "2317"]
[Result "0-1"]
[Round "01"]
[TimeControl "180+1"]
[Date "2022.04.26"]
[WhiteClock "0:00:01"]
[BlackClock "0:00:43"]

1. e4 c5 2. Nf3 Nf6 3. Nc3 d5 4. exd5 Nxd5 5. Bc4 Nxc3 6. bxc3 e6 7. O-O Be7 8. d4 O-O 9. Bf4 Nc6 10. Ne5 Nxe5 11. Bxe5 Bd7 12. d5 exd5 13. Bxd5 Qc8 14. Qf3 Bc6 15. Bxc6 bxc6 16. Rfe1 Re8 17. Rad1 Bf8 18. c4 Qa6 19. Qf4 Qxa2 20. Rd7 f6 21. Ra1 Qxc2 22. Bd6 Re4 23. Qg3 Qd2 24. Rf1 Re1 25. Qg4 Qc1 0-1


[Site "https://www.chess.com"]

[Event "Titled Tuesday Blitz April 26 Late 2022"]
[White "Dubov, Daniil"]
[Black "Stevens, Christian"]
[WhiteFideId "24126055"]
[BlackFideId "2604450"]
[WhiteElo "2791"]
[BlackElo "2544"]
[Result "1-0"]
[Round "01"]
[TimeControl "180+1"]
[Date "2022.04.26"]
[WhiteClock "0:01:03"]
[BlackClock "0:00:01"]

1. d4 Nf6 2. Nf3 d5 3. c4 dxc4 4. e3 e6 5. Bxc4 c5 6. Qe2 Nc6 7. O-O cxd4 8. Rd1 Be7 9. exd4 O-O 10. Nc3 Nb4 11. Ne5 Nbd5 12. Rd3 Bd7 13. Rg3 Re8 14. Nxd7 Nxd7 15. Nxd5 exd5 16. Bxd5 Bd6 17. Re3 Nf6 18. Bf3 Qb6 19. Rxe8+ Rxe8 20. Be3 Bf4 21. Qd2 Bxe3 22. fxe3 g6 23. a3 Kg7 24. Re1 Rd8 25. Qc3 Rd7 26. h3 h5 27. b4 Qd6 28. Qb2 b6 29. d5 Re7 30. e4 Qe5 31. Qxe5 Rxe5 32. Kf2 Ne8 33. Ke3 Nd6 34. Kd4 Kf6 35. Rf1 Nb5+ 36. Kd3 Nd6 37. Bxh5+ Ke7 38. Bf3 Kd7 39. h4 Ke7 40. Rh1 Kf6 41. g4 Re7 42. h5 Kg5 43. h6 Re8 44. h7 1-0


[Site "https://www.chess.com"]

[Event "Titled Tuesday Blitz April 26 Late 2022"]
[White "Eggleston, Thomas A"]
[Black "Schekachikhin, Maksim"]
[WhiteFideId "412139"]
[BlackFideId "24177830"]
[WhiteElo "2174"]
[BlackElo "2230"]
[Result "0-1"]
[Round "01"]
[TimeControl "180+1"]
[Date "2022.04.26"]
[WhiteClock "0:00:01"]
[BlackClock "0:00:08"]

1. e4 c5 2. Nf3 e6 3. c3 Nf6 4. e5 Nd5 5. d4 cxd4 6. cxd4 d6 7. a3 Nc6 8. Bd3 Be7 9. O-O O-O 10. Qe2 dxe5 11. dxe5 b6 12. Rd1 Bb7 13. Nc3 Na5 14. Ne4 Nb3 15. Rb1 Nxc1 16. Rbxc1 Nf4 17. Qe3 Nxd3 18. Rxd3 Qe8 19. Nd6 Bxd6 20. exd6 Rd8 21. Ne5 Qb5 22. h3 Bd5 23. Ng4 Rxd6 24. Nf6+ Kh8 25. Qg3 Rdd8 26. Nh5 Rg8 27. b4 Qd7 28. Rc7 Qd6 29. Qxd6 Rxd6 30. Rxf7 a5 31. Nf4 axb4 32. axb4 Rgd8 33. Rg3 g6 34. h4 R6d7 35. Rf6 Kg7 36. Nh5+ Kh6 37. Nf4 Kg7 38. Nh5+ Kh6 39. Nf4 Rd6 40. Nxd5 exd5 41. Rf7 R8d7 42. Rf8 Rd8 43. Rf7 R8d7 44. Rff3 Kg7 45. h5 d4 46. Rd3 Rc6 47. hxg6 Rxg6 48. Rxg6+ hxg6 49. f4 Kf6 50. g4 Ke6 51. Kf2 Kd5 52. Ke2 Ke4 53. b5 Kxf4 54. Kd2 Kxg4 55. Ra3 Kf4 56. Ra6 Rd6 57. Kd3 g5 58. Ra1 g4 59. Rf1+ Kg3 60. Rg1+ Kf3 0-1


[Site "https://www.chess.com"]

[Event "Titled Tuesday Blitz April 26 Late 2022"]
[White "Eswaran, Ashritha"]
[Black "Janik, Igor"]
[WhiteFideId "2080788"]
[BlackFideId "1159259"]
[WhiteElo "2404"]
[BlackElo "2437"]
[Result "1/2-1/2"]
[Round "01"]
[TimeControl "180+1"]
[Date "2022.04.26"]
[WhiteClock "0:00:30"]
[BlackClock "0:00:10"]

1. e4 c6 2. Nc3 d5 3. Nf3 Bg4 4. h3 Bxf3 5. Qxf3 e6 6. Be2 Nf6 7. O-O Be7 8. d4 dxe4 9. Qe3 O-O 10. Nxe4 Nbd7 11. Bd2 Qb6 12. b3 c5 13. Bc3 Nxe4 14. Qxe4 Bf6 15. dxc5 Nxc5 16. Qe3 Bxc3 17. Qxc3 Rac8 18. Qe3 Nd7 19. Qxb6 Nxb6 20. c4 Rfd8 21. Rfd1 Nd7 22. Bf3 b6 23. Rd6 Ne5 24. Rad1 Rxd6 25. Rxd6 Kf8 26. Be2 Ke7 27. Rd2 f5 28. f4 Nd7 29. Kf2 e5 30. fxe5 Nxe5 31. Rd5 Ke6 32. Bf3 g6 33. Rd1 Rc7 34. Bd5+ Kf6 35. Ke3 Re7 36. Kd4 g5 37. b4 h5 38. c5 bxc5+ 39. bxc5 g4 40. hxg4 hxg4 41. Rh1 Ng6 42. c6 f4 43. Rc1 Rc7 44. Kc5 Ne7 45. Kd6 Rc8 46. c7 Rh8 47. Bb7 Nf5+ 48. Kc5 Ne7 49. Kb5 Rh5+ 50. Ka6 Re5 51. Rc2 Re3 52. c8=Q Ra3+ 53. Kb5 Nxc8 54. Bxc8 Kg5 55. Kb4 Re3 56. Rc7 Rg3 57. Bb7 Re3 58. Bd5 Rd3 59. Kc5 Rc3+ 60. Kd6 Rxc7 61. Kxc7 Kf5 62. Kb7 Ke5 63. Bc6 Kd6 64. Be4 Kc5 65. Kxa7 Kb4 66. Bd5 Ka3 67. Kb6 f3 68. gxf3 gxf3 69. Bxf3 Kxa2 1/2-1/2


[Site "https://www.chess.com"]

[Event "Titled Tuesday Blitz April 26 Late 2022"]
[White "Fedoseev, Vladimir"]
[Black "Jegorovas, Aleksandras"]
[WhiteFideId "24130737"]
[BlackFideId "12801950"]
[WhiteElo "2726"]
[BlackElo "2247"]
[Result "1-0"]
[Round "01"]
[TimeControl "180+1"]
[Date "2022.04.26"]
[WhiteClock "0:01:59"]
[BlackClock "0:01:23"]

1. d4 e6 2. Nf3 Nf6 3. g3 b6 4. Bg2 Bb7 5. O-O Be7 6. c4 O-O 7. Nc3 Ne4 8. Qc2 Nxc3 9. Qxc3 Be4 10. Bf4 d6 11. Rfd1 Nd7 12. Rac1 Bf6 13. Qe3 Bb7 14. c5 bxc5 15. dxc5 e5 16. Bg5 Bxf3 17. Bxf6 Qxf6 18. Bxf3 Rab8 19. cxd6 cxd6 20. Rc6 Rb6 21. Rdxd6 Qxd6 22. Rxd6 Rxd6 23. Qxa7 Nf6 24. e4 Rd2 25. b4 Rc8 26. b5 h5 27. b6 Rc1+ 28. Kg2 Rcc2 29. b7 Rxf2+ 30. Qxf2 Rxf2+ 31. Kxf2 Nd7 32. a4 Kf8 33. a5 Nb8 34. Be2 Ke7 35. a6 1-0


[Site "https://www.chess.com"]

[Event "Titled Tuesday Blitz April 26 Late 2022"]
[White "Fernandez Siles, Luis"]
[Black "Cabarkapa, Novak"]
[WhiteFideId "2209420"]
[BlackFideId "943746"]
[WhiteElo "2212"]
[BlackElo "2443"]
[Result "1-0"]
[Round "01"]
[TimeControl "180+1"]
[Date "2022.04.26"]
[WhiteClock "0:00:22"]
[BlackClock "0:00:02"]

1. d4 h5 2. e4 h4 3. h3 d5 4. exd5 Nf6 5. c4 e6 6. dxe6 Bxe6 7. Nc3 Bf5 8. Nf3 Nc6 9. a3 Bd6 10. Be3 Qe7 11. Be2 O-O-O 12. Qa4 Qf8 13. d5 Nb8 14. Qxa7 Nfd7 15. Nb5 Bc5 16. Bxc5 Nxc5 17. O-O g5 18. Nfd4 Bg6 19. Qa5 Nba6 20. b4 b6 21. Na7+ Kb7 22. Qb5 Ne4 23. c5 Nb8 24. Nac6 Nc3 25. Qc4 Nxe2+ 26. Qxe2 Rxd5 27. Qf3 Rxd4 28. Nxd4+ Kc8 29. cxb6 Qd6 30. Nf5 Qe6 31. b7+ Kd8 32. Rad1+ Nd7 33. Nd4 Qb6 34. Nc6+ Ke8 35. Rfe1+ Kf8 36. Rxd7 Kg7 37. b8=Q Rxb8 38. Nxb8 Qxb8 39. Qc3+ Kh6 40. Qxc7 Qg8 41. f4 g4 42. f5 g3 43. Qf4+ Kh7 44. fxg6+ Qxg6 45. Rxf7+ Kh8 46. Re8+ Qg8 47. Qh6# 1-0


[Site "https://www.chess.com"]

[Event "Titled Tuesday Blitz April 26 Late 2022"]
[White "Fiol, Fabrice"]
[Black "Oparin, Grigoriy"]
[WhiteFideId "611670"]
[BlackFideId "24125890"]
[WhiteElo "2473"]
[BlackElo "2665"]
[Result "0-1"]
[Round "01"]
[TimeControl "180+1"]
[Date "2022.04.26"]
[WhiteClock "0:00:09"]
[BlackClock "0:01:45"]

1. e4 c6 2. Nf3 d5 3. d3 Qc7 4. g3 e5 5. Bg2 Nf6 6. Nc3 Bb4 7. O-O O-O 8. Bg5 Nbd7 9. Nd2 h6 10. Bxf6 Nxf6 11. a3 Bxc3 12. bxc3 Bg4 13. f3 Be6 14. Kh1 Rad8 15. Qe1 Rfe8 16. Rb1 b6 17. Qf2 c5 18. h3 c4 19. dxc4 dxe4 20. Nxe4 Nxe4 21. fxe4 Qxc4 22. Qe3 Qa4 23. Rfd1 Qxc2 24. Rdc1 Qa4 25. c4 Rd4 26. c5 bxc5 27. Rxc5 Red8 28. Rxe5 Rd3 29. Qf4 Qxa3 30. Rb7 Rxg3 31. Kh2 Rxg2+ 32. Kxg2 Qa2+ 33. Qf2 Rd2 34. Qxd2 Qxd2+ 35. Kg3 Qc3+ 36. Kf4 g5+ 0-1


[Site "https://www.chess.com"]

[Event "Titled Tuesday Blitz April 26 Late 2022"]
[White "Fishbein, Alexander"]
[Black "Girsh, Daniel"]
[WhiteFideId "2000377"]
[BlackFideId "30949190"]
[WhiteElo "2442"]
[BlackElo "2333"]
[Result "1/2-1/2"]
[Round "01"]
[TimeControl "180+1"]
[Date "2022.04.26"]
[WhiteClock "0:01:39"]
[BlackClock "0:00:38"]

1. e4 c5 2. Nf3 d6 3. d4 cxd4 4. Nxd4 Nf6 5. Nc3 a6 6. a4 e5 7. Nf3 Be7 8. Bc4 Be6 9. Bb3 Nc6 10. O-O O-O 11. Bg5 Rc8 12. Bxf6 Bxf6 13. Nd5 Na5 14. Ba2 Nc4 15. Bxc4 Rxc4 16. Qd3 Rc6 17. c3 g6 18. b4 Bg7 19. b5 Rc5 20. bxa6 bxa6 21. Qxa6 Bxd5 22. exd5 e4 23. Nd2 Bxc3 24. Nxe4 Bxa1 25. Nxc5 dxc5 26. Rxa1 Qxd5 27. Qb5 Qd4 28. Qf1 Ra8 29. a5 c4 30. a6 Ra7 31. g3 Qf6 32. Rc1 Rxa6 33. Qxc4 Ra1 34. Rxa1 Qxa1+ 35. Kg2 Kg7 36. Qe2 1/2-1/2


[Site "https://www.chess.com"]

[Event "Titled Tuesday Blitz April 26 Late 2022"]
[White "Godzwon, Iwo"]
[Black "Sovetbekova, Nurai"]
[WhiteFideId "21802483"]
[BlackFideId "13801910"]
[WhiteElo "2201"]
[BlackElo "1538"]
[Result "1-0"]
[Round "01"]
[TimeControl "180+1"]
[Date "2022.04.26"]
[WhiteClock "0:02:34"]
[BlackClock "0:01:57"]

1. e4 c5 2. Nf3 d6 3. d4 cxd4 4. Nxd4 Nf6 5. f3 a6 6. c4 g6 7. Nc3 Bg7 8. Be3 Nc6 9. Be2 O-O 10. O-O Qc7 11. Qd2 Nd7 12. Nd5 Qd8 13. Rfd1 e6 14. Nc3 Nc5 15. Nxc6 bxc6 16. Bxc5 1-0


[Site "https://www.chess.com"]

[Event "Titled Tuesday Blitz April 26 Late 2022"]
[White "Gomez Dieguez, David"]
[Black "Zhurbinsky, David"]
[WhiteFideId "22223630"]
[BlackFideId "2072904"]
[WhiteElo "2115"]
[BlackElo "2562"]
[Result "0-1"]
[Round "01"]
[TimeControl "180+1"]
[Date "2022.04.26"]
[WhiteClock "0:00:14"]
[BlackClock "0:00:18"]

1. c4 Nf6 2. Nf3 e6 3. Nc3 Bb4 4. Qc2 O-O 5. a3 Bxc3 6. Qxc3 b6 7. e3 Bb7 8. Be2 d6 9. O-O Nbd7 10. b4 a5 11. Bb2 Qe7 12. Qc2 e5 13. d3 e4 14. dxe4 Bxe4 15. Qc3 Rfe8 16. Nd2 Bb7 17. Bf3 Bxf3 18. Nxf3 Ne5 19. Nxe5 dxe5 20. h3 Ne4 21. Qc2 f5 22. Rfd1 axb4 23. axb4 Rxa1 24. Bxa1 Qxb4 25. f3 Nd6 26. c5 bxc5 27. Bc3 Qc4 28. Qb2 Nf7 29. Rd7 Rc8 30. Ba5 f4 31. exf4 Qa4 32. Qc3 Qxd7 33. Qxc5 exf4 34. Bb4 Qd1+ 35. Kh2 Qd7 36. Qc4 Kh8 37. Bd2 Qxd2 38. Qxf7 Qd6 39. Qf5 Rd8 40. h4 c5 41. Qg5 c4 42. h5 c3 43. Qb5 c2 44. Qb2 Qd2 45. Qb7 0-1


[Site "https://www.chess.com"]

[Event "Titled Tuesday Blitz April 26 Late 2022"]
[White "Gschnitzer, Adrian"]
[Black "Tristan, Leonardo"]
[WhiteFideId "1270337"]
[BlackFideId "113816"]
[WhiteElo "2294"]
[BlackElo "2404"]
[Result "0-1"]
[Round "01"]
[TimeControl "180+1"]
[Date "2022.04.26"]
[WhiteClock "0:00:11"]
[BlackClock "0:00:14"]

1. d4 d5 2. c4 e6 3. Nc3 a6 4. Nf3 dxc4 5. a4 Nc6 6. e4 Na5 7. Bf4 Nf6 8. Be2 Bb4 9. e5 Nd5 10. Bd2 Nb3 11. Rb1 Nxd2 12. Qxd2 b5 13. O-O Bb7 14. Qc2 Qd7 15. Ng5 h6 16. Nge4 Be7 17. Rfd1 O-O 18. Bf3 Rfd8 19. b3 b4 20. Ne2 c3 21. N2g3 g6 22. Rbc1 a5 23. Rd3 Kg7 24. Ne2 Qe8 25. Bg4 h5 26. Bxh5 gxh5 27. Rg3+ Kf8 28. Ng5 Bxg5 29. Rxg5 Ke7 30. Rxh5 Qg8 31. Ng3 Nf4 32. Rh7 Rxd4 33. Re1 Rd2 34. Qb1 c2 35. Qc1 Rad8 36. Rh4 Rd1 37. Qxf4 Rxe1+ 38. Nf1 Qxg2# 0-1


[Site "https://www.chess.com"]

[Event "Titled Tuesday Blitz April 26 Late 2022"]
[White "Guzman Moneo, Alberto"]
[Black "Hardaway, Brewington"]
[WhiteFideId "2209616"]
[BlackFideId "30941849"]
[WhiteElo "2157"]
[BlackElo "1768"]
[Result "0-1"]
[Round "01"]
[TimeControl "180+1"]
[Date "2022.04.26"]
[WhiteClock "0:02:11"]
[BlackClock "0:02:35"]

1. e4 c5 2. Nc3 e6 3. g3 Nc6 4. Bg2 Nge7 5. Nge2 g6 6. d4 cxd4 7. Nxd4 Bg7 8. Ndb5 O-O 9. Bf4 Qb6 10. Bc7 Bxc3+ 0-1


[Site "https://www.chess.com"]

[Event "Titled Tuesday Blitz April 26 Late 2022"]
[White "Hamley, Ryan"]
[Black "Shimanov, Aleksandr"]
[WhiteFideId "30959497"]
[BlackFideId "4198603"]
[WhiteElo "2457"]
[BlackElo "2636"]
[Result "0-1"]
[Round "01"]
[TimeControl "180+1"]
[Date "2022.04.26"]
[WhiteClock "0:00:05"]
[BlackClock "0:00:15"]

1. d4 Nf6 2. c4 g6 3. Nc3 Bg7 4. e4 d6 5. h3 O-O 6. Be3 Na6 7. g4 c6 8. Nge2 Nc7 9. Ng3 Rb8 10. a4 Bd7 11. Be2 a5 12. e5 Nfe8 13. f4 f6 14. exf6 Nxf6 15. O-O Be6 16. f5 Bf7 17. Bd3 Na6 18. Qd2 Nb4 19. Be2 Kh8 20. Bh6 Bxh6 21. Qxh6 Ng8 22. Qd2 e6 23. Nce4 exf5 24. gxf5 Qh4 25. Kh2 d5 26. Nd6 Qe7 27. Nxf7+ Rxf7 28. fxg6 hxg6 29. c5 Rbf8 30. Bg4 Rxf1 31. Rxf1 Rxf1 32. Nxf1 Kg7 33. Ng3 Nf6 34. Qf4 Ne4 35. Nxe4 dxe4 36. Kg2 Nd3 37. Qd6 Qf6 38. Qxf6+ Kxf6 39. Bc8 Nxb2 40. Bxb7 Nxa4 41. Bxc6 Nc3 42. d5 a4 43. d6 a3 44. d7 Ke7 0-1


[Site "https://www.chess.com"]

[Event "Titled Tuesday Blitz April 26 Late 2022"]
[White "Harshavardhan G B"]
[Black "Rengifo Blancas, Renzo Jhonathan"]
[WhiteFideId "25059009"]
[BlackFideId "3807185"]
[WhiteElo "1831"]
[BlackElo "2058"]
[Result "0-1"]
[Round "01"]
[TimeControl "180+1"]
[Date "2022.04.26"]
[WhiteClock "0:01:13"]
[BlackClock "0:00:12"]

1. Nf3 Nf6 2. d4 d5 3. c4 e6 4. g3 Bb4+ 5. Bd2 Be7 6. Bg2 O-O 7. O-O c5 8. cxd5 exd5 9. Nc3 Nc6 10. dxc5 Bxc5 11. Bg5 d4 12. Bxf6 Qxf6 13. Nd5 Qd8 14. Nd2 Be6 15. Nf4 Bg4 16. Rc1 Bb6 17. h3 Bf5 18. Nc4 Re8 19. Re1 Be4 20. Bxe4 Rxe4 21. Qd3 Re8 22. Red1 Ne5 23. Nxe5 Rxe5 24. Qc2 Qf6 25. e4 dxe3 26. Qc8+ Re8 27. Qxb7 exf2+ 28. Kf1 g6 29. Nd5 Qxb2 30. Qa6 Qe5 31. Qd3 Rad8 32. Kg2 Kg7 33. Qf3 Qe4 34. Nxb6 Qxf3+ 35. Kxf3 Rxd1 36. Rxd1 Re1 37. Kxf2 Rxd1 38. Nc4 Rc1 39. Ne3 Ra1 0-1


[Site "https://www.chess.com"]

[Event "Titled Tuesday Blitz April 26 Late 2022"]
[White "Hernandez Bermudez, Ulises Eduardo"]
[Black "Krstulovic, Alex"]
[WhiteFideId "3902510"]
[BlackFideId "760056"]
[WhiteElo "2056"]
[BlackElo "2193"]
[Result "0-1"]
[Round "01"]
[TimeControl "180+1"]
[Date "2022.04.26"]
[WhiteClock "0:00:30"]
[BlackClock "0:00:36"]

1. e4 c5 2. c3 Nf6 3. e5 Nd5 4. d4 cxd4 5. Qxd4 e6 6. Nf3 Nc6 7. Qe4 f5 8. Qe2 b5 9. g3 Be7 10. Bg2 O-O 11. O-O a5 12. Rd1 Ba6 13. Nbd2 f4 14. Ne4 a4 15. Nd6 b4 16. c4 Bxd6 17. exd6 Nb6 18. Nd2 f3 19. Bxf3 Nd4 20. Qe4 Nxf3+ 21. Nxf3 Bxc4 22. Bg5 Qe8 23. Qe3 Bd5 24. Ne5 Rb8 25. b3 Qh5 26. h4 Rf5 27. f4 Rff8 28. Be7 Qf5 29. Bxf8 Qh3 30. Rd2 Qh1+ 31. Kf2 Qxa1 32. Be7 Rc8 33. Qxb6 Qh1 34. Ke2 Qe4+ 35. Qe3 Qg2+ 36. Qf2 Qe4+ 37. Qe3 Qh1 38. Nxd7 Rc1 39. Rxd5 Qf1+ 40. Kd2 Qd1# 0-1


[Site "https://www.chess.com"]

[Event "Titled Tuesday Blitz April 26 Late 2022"]
[White "Hoffmann, Asa"]
[Black "Fier, Alexandr"]
[WhiteFideId "2001470"]
[BlackFideId "2107139"]
[WhiteElo "2117"]
[BlackElo "2571"]
[Result "0-1"]
[Round "01"]
[TimeControl "180+1"]
[Date "2022.04.26"]
[WhiteClock "0:01:22"]
[BlackClock "0:01:51"]

1. d4 Nf6 2. Bg5 Ne4 3. Bf4 g5 4. Bc1 g4 5. Nc3 Nxc3 6. bxc3 d5 7. c4 c6 8. e3 Bg7 9. cxd5 cxd5 10. c4 Nc6 11. Bd2 e5 12. dxe5 Bxe5 13. Rb1 d4 14. Rb5 O-O 15. Qb1 a6 16. Rd5 Qf6 17. Bd3 Be6 18. Bxh7+ Kg7 19. Be4 dxe3 20. fxe3 Bxd5 21. cxd5 Ne7 22. Ne2 Ng6 23. g3 Rae8 24. Rf1 Qg5 25. Nf4 Bxf4 26. exf4 Qxd5 0-1


[Site "https://www.chess.com"]

[Event "Titled Tuesday Blitz April 26 Late 2022"]
[White "Ivanisevic, Ivan"]
[Black "Federzoni, Enzo"]
[WhiteFideId "912417"]
[BlackFideId "2173301"]
[WhiteElo "2495"]
[BlackElo "1956"]
[Result "1-0"]
[Round "01"]
[TimeControl "180+1"]
[Date "2022.04.26"]
[WhiteClock "0:01:51"]
[BlackClock "0:01:53"]

1. d4 f5 2. Nf3 e6 3. Bf4 Nf6 4. e3 d6 5. c4 Be7 6. Nc3 O-O 7. h3 Nc6 8. Be2 Bd7 9. O-O Be8 10. Ng5 Qd7 11. d5 exd5 12. cxd5 Nd8 13. Qb3 Bf7 14. Rfd1 h6 15. Nxf7 Rxf7 16. Rac1 a6 17. Bg3 Rf8 18. Bf3 c5 19. dxc6+ Qe6 20. Qxe6+ Nxe6 21. cxb7 Rab8 22. Nd5 Nxd5 23. Bxd5 Rf6 24. Rc8+ 1-0


[Site "https://www.chess.com"]

[Event "Titled Tuesday Blitz April 26 Late 2022"]
[White "Jaferian, Koosha"]
[Black "Pourkashiyan, Atousa"]
[WhiteFideId "12507440"]
[BlackFideId "12502014"]
[WhiteElo "2030"]
[BlackElo "2247"]
[Result "0-1"]
[Round "01"]
[TimeControl "180+1"]
[Date "2022.04.26"]
[WhiteClock "0:00:07"]
[BlackClock "0:00:12"]

1. Nf3 d5 2. b3 Nf6 3. Bb2 e6 4. e3 Be7 5. Be2 c5 6. c4 O-O 7. cxd5 Nxd5 8. O-O Nc6 9. d4 cxd4 10. Nxd4 Nxd4 11. Bxd4 Bf6 12. Na3 Bd7 13. Nc4 Bxd4 14. Qxd4 Bb5 15. Rfd1 Qf6 16. Rac1 Qxd4 17. Rxd4 Rac8 18. Bf3 Rfd8 19. g3 Kf8 20. Kg2 Ke7 21. Rcd1 b6 22. Bxd5 Rxd5 23. Rxd5 exd5 24. Ne5 f6 25. Nf3 Be2 26. Rxd5 Bxf3+ 27. Kxf3 Rc2 28. a4 Rb2 29. Rd3 Ke6 30. e4 a5 31. Ke3 g5 32. h4 gxh4 33. gxh4 h5 34. Rc3 Kd6 35. Rd3+ Ke6 36. f4 Rh2 37. Rd8 Rxh4 38. f5+ Ke7 39. Rh8 Rh1 40. Rh7+ Kf8 41. Kd4 Kg8 42. Rb7 Rd1+ 43. Ke3 h4 44. Kf4 h3 45. Kg3 Rd3+ 46. Kh2 Rxb3 47. Rc7 Kf8 48. Rb7 Ke8 49. Rc7 Rb4 50. Rc6 Ke7 51. Re6+ Kf7 52. Kxh3 Rxa4 53. Rxb6 Rxe4 54. Ra6 a4 55. Kg3 Ke7 56. Kf3 Rb4 57. Re6+ Kf7 58. Ra6 Rc4 59. Ra7+ Kf8 60. Ke3 Rh4 61. Kf3 Ke8 62. Ke3 a3 63. Kf3 Rh3+ 64. Ke4 Rb3 65. Kd5 Re3 66. Kd6 Kf8 67. Kc6 Rd3 68. Kc5 Kg8 69. Kc4 Rf3 70. Kd4 Rxf5 71. Rxa3 Kg7 72. Ke4 Rg5 73. Kf4 Kg6 74. Rg3 Rxg3 75. Kxg3 Kg5 76. Kf3 Kf5 77. Ke3 Kg4 78. Kf2 Kf4 79. Kg2 Ke3 80. Kg3 f5 81. Kg2 f4 82. Kf1 Kf3 0-1


[Site "https://www.chess.com"]

[Event "Titled Tuesday Blitz April 26 Late 2022"]
[White "Janaszak, Dawid"]
[Black "Kujawski, Adam"]
[WhiteFideId "1119206"]
[BlackFideId "1100920"]
[WhiteElo "2199"]
[BlackElo "2053"]
[Result "1-0"]
[Round "01"]
[TimeControl "180+1"]
[Date "2022.04.26"]
[WhiteClock "0:00:32"]
[BlackClock "0:00:02"]

1. e4 e5 2. Nf3 Nc6 3. d4 exd4 4. Nxd4 Bb4+ 5. c3 Bc5 6. Be3 Bb6 7. Nf5 g6 8. Bxb6 axb6 9. Ne3 Nf6 10. f3 O-O 11. Qd2 Re8 12. c4 Nxe4 13. fxe4 Qh4+ 14. Kd1 Qxe4 15. Nd5 Qg4+ 16. Be2 Qxg2 17. Rf1 Re6 18. Nf4 Qxh2 19. Nxe6 dxe6 20. Qf4 Qxf4 21. Rxf4 e5 22. Rf1 Be6 23. Nd2 f5 24. Bf3 e4 25. Be2 Nd4 26. Rg1 Kf7 27. a3 h5 28. Rc1 h4 29. Rc3 Kf6 30. Rf1 Ke5 31. c5 g5 32. cxb6 cxb6 33. Bc4 g4 34. Bxe6 Kxe6 35. Rc4 Rd8 36. Ke1 Nf3+ 37. Nxf3 gxf3 38. Rh1 Rh8 39. Kf2 Ke5 40. Rc7 Kf4 41. Re7 1-0


[Site "https://www.chess.com"]

[Event "Titled Tuesday Blitz April 26 Late 2022"]
[White "Jarocka, Liwia"]
[Black "Talibov, Shiroghlan"]
[WhiteFideId "21807558"]
[BlackFideId "13429078"]
[WhiteElo "1896"]
[BlackElo "2042"]
[Result "0-1"]
[Round "01"]
[TimeControl "180+1"]
[Date "2022.04.26"]
[WhiteClock "0:00:14"]
[BlackClock "0:00:21"]

1. Nf3 f5 2. b3 Nf6 3. Bb2 g6 4. g3 Bg7 5. Bg2 O-O 6. O-O d6 7. c4 e5 8. d4 e4 9. Ne1 Qe7 10. Nc3 c6 11. d5 c5 12. Rc1 Nbd7 13. Nc2 Ne5 14. Ba1 Bd7 15. Ne3 a6 16. a4 Rab8 17. a5 h5 18. Qd2 h4 19. Bh1 Bh6 20. Ncd1 Kh7 21. Bxe5 Qxe5 22. Qc3 Qe7 23. Rb1 b5 24. axb6 Rxb6 25. Ng2 hxg3 26. hxg3 Ng4 27. Nge3 Ne5 28. Qc2 f4 29. gxf4 Bxf4 30. Ng2 Qg5 31. Qxe4 Bf5 32. Qxf4 Qxf4 33. Nxf4 Bxb1 34. Ne6 Rfb8 35. Ne3 Rxb3 36. Ng5+ Kg7 37. Be4 Kf6 38. Nh7+ Kg7 39. Ng5 Kh6 40. Bxb1 Kxg5 41. f4+ Kh6 42. fxe5 Rxe3 43. exd6 Rxe2 44. Bd3 Re3 45. Bc2 Kg7 46. d7 Rc3 47. Ba4 Rxc4 48. Bc6 Rg4+ 49. Kf2 Rf4+ 50. Ke2 Rxf1 51. Kxf1 Rd8 52. Ke2 Kf6 53. Ke3 Ke5 0-1


[Site "https://www.chess.com"]

[Event "Titled Tuesday Blitz April 26 Late 2022"]
[White "Jobava, Baadur"]
[Black "Jacobson, Aaron"]
[WhiteFideId "13601520"]
[BlackFideId "2089912"]
[WhiteElo "2617"]
[BlackElo "2265"]
[Result "1-0"]
[Round "01"]
[TimeControl "180+1"]
[Date "2022.04.26"]
[WhiteClock "0:01:15"]
[BlackClock "0:00:09"]

1. d4 d5 2. Nc3 c5 3. e4 dxe4 4. d5 Nf6 5. Bf4 a6 6. Qd2 g6 7. Nge2 Bg7 8. Ng3 O-O 9. O-O-O Nbd7 10. h4 h5 11. Ngxe4 b5 12. Kb1 b4 13. Nxf6+ Nxf6 14. Ne2 Qa5 15. Ng3 Nxd5 16. Bc4 Nb6 17. Bc7 Nxc4 18. Bxa5 Nxd2+ 19. Rxd2 Be6 20. Ne4 Rfc8 21. Rhd1 Rab8 22. f3 c4 23. b3 cxb3 24. axb3 Bf5 25. Ng3 Bc3 26. Re2 Be6 27. Ne4 Rb5 28. Nxc3 bxc3 29. Rd8+ Rxd8 30. Bxd8 Kf8 31. Re3 Rc5 32. Bb6 Rc6 33. Bd4 a5 34. Bxc3 Ra6 35. Re4 Bf5 36. Ra4 Rc6 37. Kb2 Re6 38. Rxa5 Re2 39. Ra8+ Bc8 40. Rxc8# 1-0


[Site "https://www.chess.com"]

[Event "Titled Tuesday Blitz April 26 Late 2022"]
[White "Kamsky, Gata"]
[Black "Zlatin, Alexander"]
[WhiteFideId "2000024"]
[BlackFideId "2810549"]
[WhiteElo "2645"]
[BlackElo "2228"]
[Result "1-0"]
[Round "01"]
[TimeControl "180+1"]
[Date "2022.04.26"]
[WhiteClock "0:01:39"]
[BlackClock "0:00:03"]

1. d4 d5 2. Bf4 e6 3. e3 Bd6 4. c3 Nf6 5. Nd2 c5 6. Bb5+ Nc6 7. Bxc6+ bxc6 8. Bxd6 Qxd6 9. Qa4 c4 10. Ngf3 O-O 11. O-O a5 12. b3 cxb3 13. axb3 Ba6 14. Rfc1 Bb5 15. Qa3 Qxa3 16. Rxa3 a4 17. Rca1 h6 18. c4 dxc4 19. bxc4 Ba6 20. Rxa4 Bb7 21. c5 Nd5 22. h4 Nc3 23. Rxa8 Bxa8 24. Nc4 Rb8 25. Nb6 Bb7 26. Ne5 Nd5 27. Nec4 Bc8 28. e4 Ne7 29. Nd6 Kf8 30. Ra7 f6 31. h5 1-0


[Site "https://www.chess.com"]